 Dungeon Crawl Stone Soup version 0.28.0-43-g3370ac3207 (webtiles) character file.

Game seed: 10715845824801958752

15913 pkoi the Zephyrmancer (level 11, 0/89 HPs)
             Began as a Demigod Air Elementalist on Mar 29, 2022.
             Slain by a molten gargoyle
             ... wielding a +0 flail
              (17 damage)
             ... in a Gauntlet.
             The game lasted 00:31:07 (22690 turns).

pkoi the Zephyrmancer (Demigod Air Elementalist)   Turns: 22690, Time: 00:31:08

Health: 0/89       AC:  9    Str: 20    XL:     11   Next: 74%
Magic:  34/34      EV: 16    Int: 37    God:
Gold:   706        SH:  5    Dex: 18    Spells: 5/23 levels left

rFire   . . .      SeeInvis .   y - +10 dagger "Killer Klown's Doom" {flame, rElec Str+3}
rCold   . . .      Faith    .   (no shield)
rNeg    . . .      Spirit   .   u - +4 robe of Augmentation {Str+4 Int+4 Dex+4}
rPois   .          Reflect  +   (no helmet)
rElec   +          Harm     .   b - +1 cloak
rCorr   .          Rampage  .   (no gloves)
Will    +....      NoTele   +   e - +0 pair of boots
Stlth   ++........              g - amulet of reflection
HPRegen 0.24/turn               c - ring "Enas" {MP+9 Int+2}
MPRegen 0.24/turn               r - +6 ring of intelligence

@: no status effects
A: high MP 1, forlorn, divine attributes
a: no special abilities


You were in a Gauntlet.
You visited 2 branches of the dungeon, and saw 13 of its levels.
You also visited: Gauntlet and Volcano.

You collected 706 gold pieces.

Inventory:

Hand Weapons
 y - the +10 dagger "Killer Klown's Doom" (weapon) {flame, rElec Str+3}
   (You found it in a Gauntlet)

   It burns those it strikes, dealing additional fire damage.
   Str:       It affects your strength (+3).
   rElec:     It insulates you from electricity.
 B - a +6 vorpal dagger
 C - a +3 dagger of venom
Missiles
 f - 30 poisoned darts
 o - 2 throwing nets
 s - 10 curare-tipped darts
 t - 6 silver javelins
Armour
 b - a +1 cloak (worn)
 e - a +0 pair of boots (worn)
 u - the +4 robe of Augmentation (worn) {Str+4 Int+4 Dex+4}
   (You found it on level 6 of the Dungeon)

   Str:       It affects your strength (+4).
   Int:       It affects your intelligence (+4).
   Dex:       It affects your dexterity (+4).
Jewellery
 c - the ring "Enas" (left hand) {MP+9 Int+2}
   (You acquired it on level 9 of the Dungeon)

   [ring of magical power]

   Int:       It affects your intelligence (+2).
   MP:        It affects your magic capacity (+9).
 g - an amulet of reflection (around neck)
 i - a ring of see invisible
 r - a +6 ring of intelligence (right hand)
 D - an amulet of the acrobat
 G - a ring of poison resistance
 J - the ring "Sarynix" {*Slow rElec rPois Str+6 SInv}
   (You found it in a Gauntlet)

   [ring of strength]

   Str:       It affects your strength (+6).
   rElec:     It insulates you from electricity.
   rPois:     It protects you from poison.
   SInv:      It lets you see invisible.
   *Slow:     It may slow you when you take damage.
Wands
 j - a wand of iceblast (13)
 m - a wand of flame (18)
 x - a wand of mindburst (17)
 E - a wand of acid (3)
Scrolls
 h - 3 scrolls of blinking
 n - 2 scrolls of fear
 w - 4 scrolls of acquirement
 z - 6 scrolls of teleportation
 A - a scroll of amnesia
 F - a scroll of brand weapon
 H - a scroll of fog
 I - a scroll of enchant armour
Potions
 a - a potion of brilliance
 d - 2 potions of lignification
 k - 2 potions of cancellation
 l - 2 potions of mutation
 p - a potion of attraction
 q - 2 potions of curing
 v - a potion of heal wounds


   Skills:
 + Level 6.2 Fighting
 + Level 6.7 Dodging
 - Level 1.7 Stealth
 + Level 6.2 Unarmed Combat
 + Level 6.6 Spellcasting
 + Level 4.8 Conjurations
 + Level 2.7 Transmutations
 + Level 2.7 Fire Magic
 + Level 4.7 Ice Magic
 + Level 9.7 Air Magic
 + Level 2.6 Poison Magic


You had 5 spell levels left.
You knew the following spells:

 Your Spells              Type           Power      Damage    Failure   Level
a - Shock                 Conj/Air       100%       1d9       1%          1
b - Swiftness             Air            71%        N/A       1%          3
c - Static Discharge      Conj/Air       60%        N/A       1%          2
d - Airstrike             Air            35%        N/A       1%          4
e - Freezing Cloud        Conj/Ice/Air   28%        6-21      6%          5
f - Ignite Poison         Fire/Tmut/Pois 32%        N/A       3%          3

Your spell library contained the following spells:

 Spells                   Type           Power      Damage    Failure   Level
 Corpse Rot               Necr/Air       96%        N/A       1%          2
 Mephitic Cloud           Conj/Pois/Air  53%        N/A       1%          3
 Pain                     Necr           48%        1d6       3%          1
 Summon Guardian Golem    Hex/Summ       12%        N/A       10%         3
 Dispel Undead            Necr           12%        3d9       30%         4
 Agony                    Necr           12%        N/A       65%         5
 Excruciating Wounds      Necr           6%         N/A       65%         5
 Orb of Destruction       Conj           23%        9d8       98%         7
 Death Channel            Necr           6%         N/A       99%         6
 Spellforged Servitor     Conj/Summ      14%        N/A       100%        7


Dungeon Overview and Level Annotations

Branches:
Dungeon (9/15)             Temple (0/1) D:5            Lair (4/6) D:9
  Swamp (0/4) Lair:4       Spider (0/4) Lair:3      Volcano (visited)
Gauntlet (1/1)
    Orc: D:9-12

Annotations:
D:8 2 runed translucent doors
D:9 1 runed translucent door Gauntlet 7 transporters, 1 runed translucent door


Innate Abilities, Weirdness & Mutations

You have an increased reservoir of magic. (+10% MP)
You shall have no god before yourself.
Your divine heritage dramatically boosts your attributes as you level up.


Message History

Okay, then.
Casting: Static Discharge (safe; 1% risk of failure)
Confirm with . or Enter, or press ? or * to list all spells.
Okay, then.
The molten gargoyle blasts magma at you!
The bolt of magma hits you!
* * * LOW HITPOINT WARNING * * *
The catoblepas enters a dispersal trap!
The molten gargoyle blinks!
The gargoyle blinks!
The gargoyle drops a net on you.
You become entangled in the net!
The gargoyle blinks!
You blink.
The catoblepas blinks!
The molten gargoyle hits you with a +0 flail!
* * * LOW HITPOINT WARNING * * *
You are engulfed in flames!
* * * LOW HITPOINT WARNING * * *
You block the molten gargoyle's attack.
Unknown command.
The molten gargoyle blasts magma at you!
The bolt of magma hits you!!
* * * LOW HITPOINT WARNING * * *
You see here a scroll of teleportation.
You feel much better.
The molten gargoyle blasts magma at you!
The bolt of magma hits you!!
* * * LOW HITPOINT WARNING * * *
You feel much better. The molten gargoyle barely misses you.
The molten gargoyle blasts magma at you!
The bolt of magma hits you!
* * * LOW HITPOINT WARNING * * *
There is a transporter here.
You see here a +0 ring mail of poison resistance.
The catoblepas breathes a plume of calcifying dust at you.
The blast of calcifying dust hits the molten gargoyle.
The blast of calcifying dust hits you but does no damage.
You see here the ring "Sarynix" {*Slow rElec rPois Str+6 SInv}.
J - the ring "Sarynix" {*Slow rElec rPois Str+6 SInv} You are engulfed in calcifying dust.
The molten gargoyle completely misses you.
The molten gargoyle hits you with a +0 flail!
You die...

....................≈#
#####..###########.§##
....#..#.........#.§≈#
##..#..#.##^.^##.#..##
.##.#..#..##Y##.?#.§§#
#.#.####...#.#.9.#..##
.##.#©§#9...©#..Y#.§§#
##.#####...#.#.99#..## .##
..###..#..##.##.@#..§# ....
###©#..#.##^.^##§#..###..#
...##..#.9......§#..#....#
#####..###########..#©...#
....................#....#
..................∩.#....#
#######..#########..#©...#
JJ.)$.#..#...t.b.#..#....#
#####.#..#b.#.#.h#..###....


You could see a catoblepas, a fire crab, 2 molten gargoyles, a gargoyle and a
fire bat.

Vanquished Creatures
  A hydra (Lair:3)
  Sonja (Lair:1)
  3 black mambas
  A torpor snail (Lair:4)
  3 cane toads
  5 komodo dragons
  An ice devil (Gauntlet)
  A troll (D:5)
  3 blink frogs (Lair:1)
  2 dream sheep
  7 jumping spiders (Lair:3)
  16 yaks
  4 culicivoras (Lair:3)
  A wraith (D:9)
  2 wyverns (D:9)
  A fire bat (D:9)
  2 basilisks
  A redback (Lair:3)
  3 swamp worms (Gauntlet)
  8 water moccasins
  A hornet zombie (D:7)
  4 orc warriors
  An ice beast (D:6)
  A sky beast (D:5)
  2 black bears (D:6)
  A necrophage (D:7)
  3 ogres
  2 centaurs (D:8)
  3 wolves (Lair:3)
  4 bullfrogs
  Blork the orc (D:5)
  A kobold brigand (D:9)
  A gnoll sergeant (D:5)
  4 scorpions
  A wyvern zombie (D:8)
  A wyvern skeleton (D:6)
  2 water moccasin skeletons
  4 killer bees (D:7)
  3 wights (D:8)
  A lava snake (Volcano)
  3 centaur zombies
  A hound (D:7)
  2 jellies
  3 bullfrog skeletons
  5 orc priests
  A centaur skeleton (D:7)
  Jessica (D:2)
  5 orc wizards
  An iguana (D:5)
  Natasha (thrice) (D:4)
  Terence (D:3)
  2 killer bee zombies (D:7)
  A mummy (D:5)
  A howler monkey zombie (D:9)
  4 gnolls (D:5)
  A howler monkey skeleton (D:7)
  5 adders
  6 white imps
  An ufetubus (D:4)
  A dart slug (D:1)
  13 orcs
  4 endoplasms
  2 giant cockroaches (D:4)
  4 goblins
  6 hobgoblins
  3 jackals
  A quokka (D:4)
  4 ball pythons
  14 bats
  A frilled lizard (D:1)
  16 kobolds
  2 rats (D:1)
225 creatures vanquished.

Vanquished Creatures (others)
  5 bushes (D:6)
  4 demonic plants (Gauntlet)
  16 fungi
  27 plants
52 creatures vanquished.

Grand Total: 277 creatures vanquished

Notes
Turn   | Place    | Note
-------+----------+-------------------------------------------
     0 | D:1      | pkoi the Demigod Air Elementalist began the quest for the
                  | Orb.
     0 | D:1      | Reached XP level 1. HP: 14/14 MP: 5/5
    97 | D:1      | Reached skill level 3 in Air Magic
   384 | D:1      | Reached XP level 2. HP: 20/20 MP: 4/7
   979 | D:2      | Noticed Jessica
   987 | D:2      | Killed Jessica
   988 | D:2      | Reached skill level 4 in Air Magic
   988 | D:2      | Reached XP level 3. HP: 8/26 MP: 6/8
  2044 | D:2      | Learned a level 3 spell: Swiftness
  2404 | D:3      | Reached XP level 4. HP: 33/33 MP: 0/9
  2568 | D:3      | Noticed Terence
  2591 | D:3      | Killed Terence
  3628 | D:4      | Learned a level 2 spell: Static Discharge
  3763 | D:4      | Reached skill level 5 in Air Magic
  3763 | D:4      | Reached XP level 5. HP: 23/38 MP: 2/11
  3922 | D:4      | Noticed Natasha
  3926 | D:4      | Killed Natasha
  4072 | D:4      | Noticed Natasha
  4084 | D:4      | Killed Natasha
  4439 | D:4      | Noticed an ogre
  4444 | D:4      | Killed an ogre
  4500 | D:4      | Reached XP level 6. HP: 42/45 MP: 8/13
  4512 | D:4      | Learned a level 4 spell: Airstrike
  4654 | D:4      | Noticed Natasha
  4660 | D:4      | Killed Natasha
  5075 | D:4      | Reached skill level 6 in Air Magic
  5306 | D:5      | Entered Level 5 of the Dungeon
  5763 | D:5      | Reached skill level 1 in Fighting
  5763 | D:5      | Reached skill level 1 in Unarmed Combat
  5961 | D:5      | Noticed Blork the orc
  5964 | D:5      | Killed Blork the orc
  5965 | D:5      | Reached XP level 7. HP: 41/52 MP: 12/15
  6571 | D:5      | Found a staircase to the Ecumenical Temple.
  6618 | D:5      | Noticed a troll
  7330 | D:5      | Killed a troll
  7331 | D:5      | Reached skill level 7 in Air Magic
  7433 | D:5      | Reached XP level 8. HP: 62/62 MP: 7/17
  9285 | D:6      | Reached skill level 8 in Air Magic
  9672 | D:6      | Found the +4 robe of Augmentation {Str+4 Int+4 Dex+4}
 10080 | D:7      | Reached XP level 9. HP: 70/70 MP: 6/19
 10881 | D:7      | Learned a level 5 spell: Freezing Cloud
 11025 | D:7      | Reached skill level 1 in Conjurations
 11553 | D:8      | Reached skill level 1 in Ice Magic
 12078 | D:8      | Found a runed translucent door.
 12080 | D:8      | Found a runed translucent door.
 12087 | D:8      | Reached skill level 5 in Spellcasting
 13214 | D:9      | Identified 2 scrolls of acquirement
 13214 | D:9      | Acquired the ring "Enas" {MP+9 Int+2}
 13264 | D:9      | Found a runed translucent door.
 13733 | D:9      | Reached skill level 5 in Dodging
 14528 | D:9      | Found a staircase to the Lair.
 14608 | D:9      | Reached XP level 10. HP: 80/80 MP: 12/21
 14754 | D:9      | Noticed a boulder beetle
 14786 | Lair:1   | Entered Level 1 of the Lair of Beasts
 15319 | D:9      | Reached skill level 9 in Air Magic
 15411 | Lair:1   | Reached skill level 5 in Unarmed Combat
 15522 | Lair:1   | Reached skill level 5 in Fighting
 15901 | Lair:1   | Noticed Sonja
 15920 | Lair:1   | Killed Sonja
 16519 | Lair:1   | Learned a level 3 spell: Ignite Poison
 17259 | Lair:2   | Noticed a black mamba
 17262 | Lair:2   | Killed a black mamba
 17418 | Lair:2   | Found a dark tunnel.
 17423 | Volcano  | Entered a volcano
 17616 | Lair:2   | Reached skill level 1 in Transmutations
 17616 | Lair:2   | Reached skill level 1 in Fire Magic
 17616 | Lair:2   | Reached skill level 1 in Poison Magic
 17616 | Lair:2   | Reached XP level 11. HP: 88/88 MP: 21/24
 18515 | Lair:3   | Noticed a four-headed hydra
 18846 | Lair:3   | Killed a four-headed hydra
 19093 | Lair:3   | Found a hole to the Spider Nest.
 21610 | Lair:4   | Noticed a six-headed hydra
 21621 | Lair:4   | Found a gate leading to a gauntlet.
 21625 | Gauntlet | Entered a Gauntlet
 21625 | Gauntlet | Found a transporter.
 21625 | Gauntlet | Found a transporter.
 21625 | Gauntlet | Found a transporter.
 21647 | Gauntlet | Noticed a wizard
 21918 | Gauntlet | Found a transporter.
 21931 | Gauntlet | Found a transporter.
 21937 | Gauntlet | Noticed a catoblepas
 21946 | Gauntlet | Found a transporter.
 21960 | Gauntlet | Found a transporter.
 21963 | Gauntlet | Noticed a fire crab
 21974 | Gauntlet | Found a transporter.
 21977 | Gauntlet | Found a transporter.
 21979 | Gauntlet | Found a transporter.
 21985 | Gauntlet | Found a transporter.
 21988 | Gauntlet | Found a transporter.
 22022 | Gauntlet | Found a runed translucent door.
 22255 | Gauntlet | Identified the +10 dagger "Killer Klown's Doom" {flame,
                  | rElec Str+3}
 22683 | Gauntlet | HP: 4/89 [molten gargoyle/bolt of magma (19)]
 22689 | Gauntlet | Identified the ring "Sarynix" {*Slow rElec rPois Str+6
                  | SInv}
 22690 | Gauntlet | Slain by a molten gargoyle

Illustrated notes

Levels and vault maps discovered:
D:1:      lightli_arrival_boilingwater, layout_rooms
D:2:      layout_loops_ring, basic_altar, basic_ecumenical_altar,
          kennysheep_generic_room_8, uniq_jessica
D:3:      minmay_door_path, layout_basic, hangedman_abyss_or_decor_stabs,
          uniq_terence
D:4:      layout_loops_ring, uniq_natasha
D:5:      layout_basic, grunt_temple_overflow_open, minmay_temple_entry_glass,
          serial_corexii_hall, corexii_hall_statues_i, chequers_hall_statues_y,
          corexii_hall_statues_x, corexii_hall_statues_u,
          corexii_hall_statues_l, chequers_hall_statues_wall_a,
          gup_ossuary_entry_pyramid, uniq_blork_the_orc
D:6:      layout_rooms, fedhas_altar_decomposition
D:7:      layout_basic, kennysheep_nondescript
D:8:      lemuel_insect_pit, layout_loops_ring, lemuel_round_altar,
          lemuel_crystal_altar
D:9:      due_megacathedral, layout_basic, david_lair_generic
Lair:1:   layout_cave_pods, grunt_megastairs_1, uniq_sonja
Lair:2:   layout_chaotic_city, serial_rivers, chequers_serial_rivers_large_b,
          chequers_serial_rivers_marsh, chequers_serial_rivers_marsh,
          chequers_serial_rivers_micro_d, nicolae_volcano_entry_s_turn,
          st_stairs_3, eino_small_chamber_without_monster
Lair:3:   layout_roguey, nicolae_spider_entry_tight_spaces,
          columned_hall_lemuel, grunt_megastairs_4
Lair:4:   layout_loops_ring, minmay_swamp_entry_worms, gauntlet_entry_generic,
          beast_lair_carwin_9
Gauntlet: minmay_gauntlet_mixed_big_or_small [gammafunk_gauntlet_arena_mazey,
          minmay_gauntlet_arena_77_two_paths, gammafunk_gauntlet_arena_spirals,
          minmay_gauntlet_arena_77_path, gammafunk_gauntlet_arena_split_x,
          minmay_gauntlet_arena_77_chump_sandwich,
          nicolae_gauntlet_exit_dead_adventurers]

Skill      XL: |  1  2  3  4  5  6  7  8  9 10 11 |
---------------+----------------------------------+-----
Air Magic      | 3 4 5 6 7 8 9 |  9.7
Spellcasting   | 2 3 4 5 6 |  6.6
Dodging        | 2 3 4 5 6 |  6.7
Fighting       | 1 2 3 4 5 6 |  6.2
Unarmed Combat | 1 2 3 4 5 6 |  6.2
Conjurations   | 2 4 |  4.8
Ice Magic      | 2 3 4 |  4.7
Transmutations | 1 2 |  2.7
Fire Magic     | 1 2 |  2.7
Poison Magic   | 1 2 |  2.6
Stealth        | |  1.7

Action                   |  1- 3 |  4- 6 |  7- 9 | 10-12 || total
-------------------------+-------+-------+-------+-------++-------
Melee: Dagger            |    15 |    16 |       |    65 ||    96
       Whip              |     2 |       |       |       ||     2
       Short sword       |       |     2 |       |       ||     2
       Punch             |       |       |       |     5 ||     5
 Cast: Shock             |    64 |    89 |    44 |       ||   197
       Airstrike         |       |       |   154 |   157 ||   311
       Ignite Poison     |       |       |       |     9 ||     9
       Static Discharge  |       |       |       |     7 ||     7
Evoke: Wand              |       |     2 |     1 |       ||     3
  Use: Scroll            |     7 |     3 |     6 |     7 ||    23
       Potion            |       |       |     3 |     2 ||     5
 Stab: Sleeping          |       |     1 |       |       ||     1
Armor: Robe              |     4 |     5 |     5 |    23 ||    37
Dodge: Dodged            |    13 |    27 |    35 |    54 ||   129
Block: Other             |       |       |     5 |    16 ||    21
       Reflection        |       |       |     1 |       ||     1
